 Dungeon Crawl Stone Soup version 0.27-a0-1200-g94dc6ad4cf (webtiles) character file.

Game seed: 10228246477977247303

128 Conn the Magician (level 4, -1/24 HPs)
             Began as a Deep Elf Fire Elementalist on May 30, 2021.
             Was an Initiate of Sif Muna.
             Succumbed to koorschki's ghost's poison
             ... on level 3 of the Dungeon.
             The game lasted 00:12:48 (3374 turns).

Conn the Magician (Deep Elf Fire Elementalist)      Turns: 3374, Time: 00:12:49

Health: -1/24      AC:  3    Str:  5    XL:     4   Next: 86%
Magic:  7/12       EV: 13    Int: 21    God:    Sif Muna [......]
Gold:   90         SH:  0    Dex: 15    Spells: 1/12 levels left

rFire    . . .     SeeInvis .   (no weapon)
rCold    . . .     Faith    .   (no shield)
rNeg     . . .     Spirit   .   a - +0 robe
rPois    .         Reflect  .   (no helmet)
rElec    .         Harm     .   (no cloak)
rCorr    .         Rampage  .   g - +0 pair of gloves
Will     .....                  (no boots)
Stlth    ++........             (no amulet)
HPRegen  0.08/turn              (no ring)
MPRegen  0.13/turn              (no ring)

@: lethally poisoned (-1 -> -12)
A: no striking features
a: Renounce Religion


You were on level 3 of the Dungeon.
You worshipped Sif Muna.
Sif Muna was noncommittal.
You visited 1 branch of the dungeon, and saw 4 of its levels.

You collected 90 gold pieces.

Inventory:

Armour
 a - a +0 robe (worn)
 d - a +4 ring mail
 g - a +0 pair of gloves (worn)
Scrolls
 h - a scroll of amnesia
Potions
 b - a potion of might
 c - a potion of invisibility {unknown}


   Skills:
 + Level 0.1 Fighting
 + Level 2.7 Dodging
 + Level 2.6 Stealth
 + Level 0.2 Unarmed Combat
 * Level 4.5 Spellcasting
 * Level 2.6 Conjurations
 * Level 4.4 Fire Magic


You had one spell level left.
You knew the following spells:

 Your Spells              Type           Power      Damage    Failure   Level
a - Foxfire               Conj/Fire      76%        2x1d7     2%          1
b - Conjure Flame         Conj/Fire      19%        6-21      8%          3
c - Inner Flame           Hex/Fire       14%        N/A       14%         3
d - Sticky Flame          Conj/Fire      19%        2d4       26%         4

Your spell library contained the following spells:

 Spells                   Type           Power      Damage    Failure   Level
 Beastly Appendage        Tmut           8%         N/A       12%         1
 Wereblood                Tmut           4%         N/A       17%         2
 Spider Form              Tmut/Pois      2%         N/A       34%         3
 Fireball                 Conj/Fire      9%         3d6       58%         5
 Ice Form                 Ice/Tmut       4%         N/A       75%         4
 Hydra Form               Tmut           2%         N/A       97%         5


Dungeon Overview and Level Annotations

Branches:
Dungeon (4/15)
 Temple: D:4-7

Altars:
Fedhas
Makhleb
Okawaru
Qazlal
Sif Muna

Annotations:
D:3 koorschki's ghost, amateur DsCj; vnewv's ghost, amateur GrEE
D:4 knorpule3000's ghost, amateur HuWn


Message History

Casting: Foxfire (safe; 2% risk of failure)
Confirm with . or Enter, or press ? or * to list all spells.
You conjure some foxfire!
The foxfire hits koorschki's ghost.
Koorschki's ghost is moderately damaged.
The foxfire hits koorschki's ghost.
Koorschki's ghost is heavily damaged.
Koorschki's ghost misses you.
Casting: Foxfire (safe; 2% risk of failure)
Confirm with . or Enter, or press ? or * to list all spells.
You conjure some foxfire!
Koorschki's ghost gestures at you while chanting.
The magic dart hits you.
The foxfire hits koorschki's ghost.
Koorschki's ghost is severely damaged.
The foxfire hits koorschki's ghost.
Koorschki's ghost is almost destroyed.
Koorschki's ghost casts a spell at you. The magic dart hits you.
Casting: Foxfire (safe; 2% risk of failure)
Confirm with . or Enter, or press ? or * to list all spells.
You conjure some foxfire!
Koorschki's ghost hits you but does no damage.
You are poisoned.
You feel sick.
The foxfire hits koorschki's ghost.
Koorschki's ghost is almost destroyed.
The foxfire hits koorschki's ghost.
Koorschki's ghost is almost destroyed.
Koorschki's ghost hits you.
You are lethally poisoned!
Unknown command.
Casting: Foxfire (safe; 2% risk of failure)
Confirm with . or Enter, or press ? or * to list all spells.
You conjure some foxfire!
* * * LOW HITPOINT WARNING * * *
You feel very sick.
Koorschki's ghost gestures at you while chanting.
The magic dart hits you.
* * * LOW HITPOINT WARNING * * *
You die...

..............### #... #
##########...##.. ......
## #######.###.##.......
.####...#...###.......r...
..##.....###.##..# ....##
........# ##.#..#
####....# #....#
#####...## ##..vW####.#
..####...###....@v....#
...# #......###########
##.###.#...## #...##.##..#
.....##.#..# ......#....#
.._.†.#....# ......#..#.#
.....##....#


You could see koorschki's ghost (ally target).

Vanquished Creatures
  A bullfrog skeleton (D:4)
  The ghost of iamserjio the Stinger, a weakling GnVM (D:3)
  An adder (D:3)
  A worm (D:2)
  3 dart slugs
  8 endoplasms
  3 giant cockroaches
  7 goblins
  8 hobgoblins
  4 quokkas
  7 ball pythons
  3 bats
  3 frilled lizards
  6 kobolds
  6 rats
62 creatures vanquished.

Vanquished Creatures (others)
  223 foxfires
223 creatures vanquished.

Grand Total: 285 creatures vanquished

Notes
Turn   | Place    | Note
-------+----------+-------------------------------------------
     0 | D:1      | Conn the Deep Elf Fire Elementalist began the quest for the
                  | Orb.
     0 | D:1      | Reached XP level 1. HP: 10/10 MP: 6/6
   338 | D:1      | Reached XP level 2. HP: 15/15 MP: 6/8
   569 | D:1      | Found a faded altar of an unknown god.
   988 | D:2      | Reached XP level 3. HP: 16/19 MP: 2/9
  2068 | D:3      | Found a runed translucent gate.
  2068 | D:3      | Found a runed translucent gate.
  2068 | D:3      | Found a runed translucent gate.
  2082 | D:3      | Noticed knorpule3000's ghost (amateur HuWn)
  2083 | D:3      | Noticed koorschki's ghost (amateur DsCj)
  2083 | D:3      | Noticed vnewv's ghost (amateur GrEE)
  2083 | D:3      | Noticed iamserjio's ghost (weakling GnVM)
  2124 | D:4      | Reached XP level 4. HP: 9/24 MP: 12/12
  2420 | D:3      | Found a shimmering blue altar of Sif Muna.
  2432 | D:3      | Became a worshipper of Sif Muna the Loreminder
  2437 | D:3      | Learned a level 3 spell: Conjure Flame
  2442 | D:3      | Learned a level 4 spell: Sticky Flame
  2446 | D:3      | Learned a level 3 spell: Inner Flame
  2694 | D:3      | Found an iron altar of Okawaru.
  2696 | D:3      | Found a stormy altar of Qazlal.
  2764 | D:3      | Found a burning altar of Makhleb.
  2766 | D:3      | Found a blossoming altar of Fedhas.
  3286 | D:3      | Killed iamserjio's ghost
  3373 | D:3      | HP: 1/24 [koorschki's ghost/magic dart (4)]
  3374 | D:3      | Succumbed to koorschki's ghost's poison

Illustrated notes

Levels and vault maps discovered:
D:1:      dpeg_arrival_orchard, layout_loops_ring,
          hellmonk_ecumenical_altar_arch_garden
D:2:      layout_rooms, minmay_octomino_j4
D:3:      layout_loops_ring, nicolae_overflow_hidden_temple, lemuel_round_altar,
          gammafunk_ghost_cemetery
D:4:      layout_rooms

Skill      XL: |  1  2  3 |
---------------+----------+-----
Fire Magic     | 4 |  4.4
Conjurations   | 2 |  2.6
Spellcasting   | 4 |  4.5
Fighting       | |  0.1
Dodging        | |  2.7
Stealth        | |  2.6
Unarmed Combat | |  0.2

Action                   |  1- 3 |  4- 6 || total
-------------------------+-------+-------++-------
Melee: Unarmed           |    14 |     2 ||    16
Throw: Throwing net      |       |     2 ||     2
 Cast: Foxfire           |   105 |    35 ||   140
       Conjure Flame     |       |     2 ||     2
  Use: Scroll            |     3 |     2 ||     5
       Potion            |     3 |       ||     3
 Stab: Sleeping          |     1 |       ||     1
Armor: Robe              |     5 |     3 ||     8
       Skin              |    15 |    14 ||    29
Dodge: Dodged            |    38 |    11 ||    49

Table legend: (Time is in decaauts)
 A = Elapsed time spent in this place.
 B = Non-inter-level travel time spent in this place.
 C = Inter-level travel time spent in this place.
 D = Time resting spent in this place.
 E = Time spent auto-exploring this place.
 F = Levels seen in this place.
 G = Mean time per level.
                   A        B        C        D        E       F      G
               +--------+--------+--------+--------+--------+-----+--------+
         Total |   3376 |   3306 |     70 |    496 |   1726 |   4 |  844.0 |
       Dungeon |   3376 |   3306 |     70 |    496 |   1726 |   4 |  844.0 |
               +--------+--------+--------+--------+--------+-----+--------+

Top non-repeatable levels by time:
     D:2: 1695 daAuts
     D:1: 958 daAuts
     D:3: 678 daAuts
     D:4: 44 daAuts
